[Event "WYCC 2018 G18"]
[Site "Halkidiki"]
[Date "2018.10.23"]
[Round "5"]
[White "Ramirez Toledo, Ayleen Maribel"]
[Black "Avetisyan, Mariam"]
[Result "0-1"]
[ECO "A05"]
[WhiteElo "1545"]
[BlackElo "2049"]
[Annotator "NA"]
[PlyCount "58"]
[EventDate "2018.10.20"]
[EventType "swiss"]
[EventCountry "GRE"]
[SourceTitle "playchess.com"]
[Source "ChessBase"]
[SourceQuality "1"]
[TimeControl "40/5400+30:1800+30"]

1. Nf3 Nf6 2. g3 d5 3. d4 Bf5 4. Bg2 e6 5. O-O h6 6. c4 c6 7. Nbd2 Be7 8. b3 O-O 9. Bb2 a5 10. Ne5 Nbd7 11. Ndf3 Qb8 12. a3 Rc8 13. Rc1 Rc7 14. Re1 Qa7 15. h3 Bh7 16. Nd2 Rd8 17. Nb1 Nxe5 18. dxe5 Ne4 19. e3 dxc4 20. Qe2 cxb3 21. a4 Nc5 22. Bd4 Rxd4 23. exd4 Nd3 24. Be4 Bxe4 25. Qxe4 Nxc1 26. Rxc1 Rd7 27. Rc4 Bb4 28. Kg2 Qa6 29. Qe2 Rxd4 0-1

[Event "WYCC 2018 G18"]
[Site "Halkidiki"]
[Date "2018.10.23"]
[Round "5"]
[White "Booysen, Elda"]
[Black "Greibrokk, Ingrid"]
[Result "1-0"]
[ECO "B72"]
[WhiteElo "1452"]
[BlackElo "2018"]
[Annotator "NA"]
[PlyCount "101"]
[EventDate "2018.10.20"]
[EventType "swiss"]
[EventCountry "GRE"]
[SourceTitle "playchess.com"]
[Source "ChessBase"]
[SourceQuality "1"]
[TimeControl "40/5400+30:1800+30"]

1. e4 c5 2. Nf3 d6 3. d4 cxd4 4. Nxd4 Nf6 5. Nc3 g6 6. Be3 Bg7 7. Be2 O-O 8. O-O Nc6 9. f3 Bd7 10. Bf2 Rc8 11. Qd2 Ne5 12. Rab1 a6 13. Rfc1 b5 14. a3 Nc4 15. Bxc4 Rxc4 16. b3 Rc5 17. Nde2 Rc8 18. Nd5 Nxd5 19. exd5 Qc7 20. c4 bxc4 21. bxc4 Rb8 22. Rb4 Qa5 23. c5 dxc5 24. Bxc5 Bf6 25. Nd4 Rfc8 26. Nc6 Bxc6 27. dxc6 Rxb4 28. Bxb4 Qe5 29. c7 Qd4+ 30. Qxd4 Bxd4+ 31. Kf1 Bb6 32. Rc6 Bd4 33. Bxe7 Be5 34. Bd8 Bxh2 35. Kf2 Be5 36. Ke3 Kf8 37. Ke4 Bg3 38. f4 Ke8 39. Ke5 h6 40. Ke4 a5 41. Kf3 Be1 42. Rc5 f6 43. Bxf6 Kf7 44. Bd8 Bd2 45. g3 Be1 46. Rc6 a4 47. Rf6+ Kg7 48. Rb6 Ba5 49. Rb8 Rxc7 50. Bxc7 Bxc7 51. Rb7 1-0

[Event "WYCC 2018 G18"]
[Site "Halkidiki"]
[Date "2018.10.23"]
[Round "5"]
[White "Horn, Caro"]
[Black "Nguyen, Hong Ngoc"]
[Result "0-1"]
[ECO "B03"]
[WhiteElo "1133"]
[BlackElo "1861"]
[Annotator "NA"]
[PlyCount "62"]
[EventDate "2018.10.20"]
[EventType "swiss"]
[EventCountry "GRE"]
[SourceTitle "playchess.com"]
[Source "ChessBase"]
[SourceQuality "1"]
[TimeControl "40/5400+30:1800+30"]

1. e4 Nf6 2. e5 Nd5 3. d4 d6 4. c4 Nb6 5. f4 dxe5 6. fxe5 Nc6 7. Nf3 Bg4 8. Be3 Bxf3 9. gxf3 e6 10. Nc3 Be7 11. d5 Nxe5 12. Bf2 Bh4 13. Bg3 Qg5 14. Ne4 Qe3+ 15. Qe2 Bxg3+ 16. hxg3 Nxf3+ 17. Kd1 Qxe2+ 18. Bxe2 Nd4 19. Bd3 exd5 20. cxd5 O-O-O 21. d6 Nf5 22. Kd2 Nxd6 23. Kc3 Na4+ 24. Kb3 Nxe4 25. Bxe4 Nc5+ 26. Kc4 Nxe4 27. g4 c5 28. Rad1 h6 29. Rhe1 Rhe8 30. a3 a6 31. b3 b5# {[%emt 0:00:18] Kd4} 0-1

[Event "WYCC 2018 G18"]
[Site "Halkidiki"]
[Date "2018.10.24"]
[Round "6"]
[White "Sargsyan, Anna M."]
[Black "Gajcin, Marina"]
[Result "1/2-1/2"]
[ECO "A48"]
[WhiteElo "2331"]
[BlackElo "2153"]
[Annotator "NA"]
[PlyCount "99"]
[EventDate "2018.10.20"]
[EventType "swiss"]
[EventCountry "GRE"]
[SourceTitle "playchess.com"]
[Source "ChessBase"]
[SourceQuality "1"]
[TimeControl "40/5400+30:1800+30"]

1. d4 Nf6 2. Nf3 g6 3. Bg5 Bg7 4. Nbd2 O-O 5. c3 h6 6. Bh4 d6 7. e4 c5 {[%emt 0:01:18] A48: 1 d4 Nf6 2 Nf3 g6: Torre, London and Colle Systems} 8. d5 g5 (8... e6 9. dxe6 Bxe6 10. Bd3 Nc6 11. O-O Re8 12. Re1 Qc7 13. Bc4 Rad8 14. h3 a6 {1-0 (50) Mamedyarov,S (2808)-Vachier Lagrave,M (2789) Paris 2018}) 9. Bg3 e6 10. dxe6 Bxe6 11. Be2 Nc6 12. O-O d5 13. exd5 Nxd5 $146 ({Predecessor:} 13... Qxd5 14. Bc4 Qf5 15. Qb3 {1-0 (76) Sedlak,N (2528)-Schleich,M (2206) Bayern 2016}) 14. Nb3 b6 15. Re1 Qc8 16. Bc4 Nf4 17. Bxe6 Nxe6 18. h4 Qd8 19. Qc2 c4 20. Nbd2 Qd5 21. Rad1 Nc5 22. hxg5 hxg5 23. b3 Qd3 24. Qxd3 cxd3 25. Ne4 g4 26. Nfg5 Rfe8 27. Re3 Nxe4 28. Nxe4 f5 29. Nd6 Rxe3 30. fxe3 Be5 31. Nxf5 Bxg3 32. Nxg3 Ne5 33. e4 Rc8 34. c4 b5 35. Nf5 Rc5 36. cxb5 Rc2 37. a4 Rb2 38. Kh2 Rxb3 39. Kg3 d2+ 40. Kf2 Nc4 41. e5 Rc3 42. Ke2 Kf7 43. Nd6+ Ke6 44. Nxc4 $11 Rxc4 45. Rxd2 Rxa4 46. Kf2 Ra3 47. b6 g3+ 48. Ke2 axb6 49. Rd6+ Kxe5 50. Rxb6 1/2-1/2

[Event "WYCC 2018 G18"]
[Site "Halkidiki"]
[Date "2018.10.24"]
[Round "6"]
[White "Di Benedetto, Desiree"]
[Black "Caballero Quijano, Mitzy Mishell"]
[Result "1-0"]
[ECO "E11"]
[WhiteElo "2321"]
[BlackElo "1956"]
[Annotator "NA"]
[PlyCount "57"]
[EventDate "2018.10.20"]
[EventType "swiss"]
[EventCountry "GRE"]
[SourceTitle "playchess.com"]
[Source "ChessBase"]
[SourceQuality "1"]
[TimeControl "40/5400+30:1800+30"]

1. d4 e6 2. Nf3 Nf6 3. c4 Bb4+ 4. Bd2 Bxd2+ 5. Qxd2 b6 6. g3 Bb7 7. Bg2 O-O 8. O-O d6 9. Nc3 Nbd7 {[%emt 0:09:27] LiveBook: 57 Games} 10. d5 {[%emt 0:01:19] E16: Queen's Indian: 4 g3 Bb7 5 Bg2 Bb4+} e5 11. b4 Re8 12. e4 Nf8 13. Ne1 $146 ({Predecessor:} 13. Rfc1 c5 14. bxc5 bxc5 15. Ne1 Ba6 16. Nb5 Bxb5 17. cxb5 a6 18. bxa6 Rxa6 {½-½ (75) Damaso,R (2452)-Savic,M (2524) Turin 2006}) 13... Qe7 14. Nd3 c6 15. a4 cxd5 16. cxd5 a5 17. Nb5 Rec8 18. Rfc1 N8d7 19. Rxc8+ Bxc8 20. Qc3 Ba6 $16 21. bxa5 Rc8 22. Qb4 Nc5 23. Nxc5 bxc5 24. Qc3 Ra8 25. f3 Qd8 26. Rb1 Bc8 27. Bf1 Ne8 28. Na3 Rxa5 29. Rb8 1-0

[Event "WYCC 2018 G18"]
[Site "Halkidiki"]
[Date "2018.10.24"]
[Round "6"]
[White "Avramidou, Anastasia"]
[Black "Limanovska, Elizabete"]
[Result "1-0"]
[ECO "A46"]
[WhiteElo "2285"]
[BlackElo "2072"]
[Annotator "NA"]
[PlyCount "113"]
[EventDate "2018.10.20"]
[EventType "swiss"]
[EventCountry "GRE"]
[SourceTitle "playchess.com"]
[Source "ChessBase"]
[SourceQuality "1"]
[TimeControl "40/5400+30:1800+30"]

1. d4 Nf6 2. Nf3 e6 3. e3 b6 4. Bd3 Bb7 5. O-O Be7 6. c4 O-O 7. Nc3 d5 8. b3 c5 9. Bb2 cxd4 10. exd4 Na6 11. Ne5 Nc7 12. Rc1 Rc8 13. Qe2 Nd7 14. Rfd1 Bd6 15. Bb1 $11 Qe7 16. Rd3 f5 17. Na4 Bxe5 18. dxe5 Na6 19. Rcd1 Ndc5 20. Ba3 Qc7 21. Nxc5 Nxc5 22. Rd4 Rcd8 23. cxd5 Rxd5 24. Rxd5 Bxd5 25. Rc1 Qb7 26. Bxc5 bxc5 27. f3 Qb4 28. Bd3 Rd8 29. Ba6 Qd4+ 30. Kh1 Bc6 31. Bc4 Kf7 32. h3 Qd2 33. Rc2 Qf4 34. a3 Rd4 35. a4 Bd5 36. Kg1 Qg3 37. a5 Ba8 38. a6 Rh4 39. Qf2 Qxf2+ 40. Kxf2 Rd4 41. Be2 Bd5 42. Rxc5 Bxb3 43. Rc7+ Kg6 44. Rxa7 Rd2 45. Ke3 Ra2 46. Bf1 Bd5 47. Rd7 h5 48. a7 Ra4 49. Bb5 Ra5 50. Bd3 Kh6 51. Bxf5 exf5 52. Rxd5 Rxa7 53. Kf4 Kg6 54. Rd6+ Kf7 55. Kxf5 Ra2 56. Rd7+ Kf8 57. Ke6 1-0

[Event "WYCC 2018 G18"]
[Site "Halkidiki"]
[Date "2018.10.24"]
[Round "6"]
[White "Injac, Teodora"]
[Black "Tejaswini, Sagar"]
[Result "1/2-1/2"]
[ECO "E97"]
[WhiteElo "2258"]
[BlackElo "2139"]
[Annotator "NA"]
[PlyCount "89"]
[EventDate "2018.10.20"]
[EventType "swiss"]
[EventCountry "GRE"]
[SourceTitle "playchess.com"]
[Source "ChessBase"]
[SourceQuality "1"]
[TimeControl "40/5400+30:1800+30"]

1. Nf3 Nf6 2. c4 g6 3. Nc3 Bg7 4. e4 d6 5. d4 O-O 6. Be2 e5 7. O-O Nc6 8. Be3 Ng4 9. Bg5 f6 10. Bh4 g5 11. Bg3 Nh6 12. dxe5 fxe5 13. h3 g4 14. hxg4 Bxg4 {[%emt 0:02:18] LiveBook: 10 Games} 15. c5 Bxf3 $14 (15... dxc5 $11 16. Qd5+ Qxd5 17. Nxd5 Nd4 18. Nxd4 cxd4) 16. Bxf3 Nd4 17. Be2 dxc5 18. Bc4+ Kh8 19. Qh5 Qd6 20. Nb5 Nxb5 21. Bxb5 Qg6 22. Qxg6 hxg6 23. Rac1 c6 24. Be2 Rad8 25. Rfd1 Rd4 26. f3 Rfd8 27. Bf2 Rxd1+ 28. Rxd1 Rxd1+ 29. Bxd1 Bf8 30. Bb3 Kg7 31. Be6 Nf7 32. Bg3 Bd6 33. Bc8 b6 34. Bd7 Nd8 35. Bh4 Bc7 36. Kf1 Kf7 37. Bxd8 Bxd8 38. Bxc6 Bg5 39. Ke2 Bc1 40. b3 g5 41. Kd3 Ke6 42. Kc4 Kd6 43. Be8 Bd2 44. Kb5 Kc7 45. Bf7 1/2-1/2

[Event "WYCC 2018 G18"]
[Site "Halkidiki"]
[Date "2018.10.24"]
[Round "6"]
[White "Afonasieva, Anna"]
[Black "Janiashvili, Mariami"]
[Result "1-0"]
[ECO "D37"]
[WhiteElo "2245"]
[BlackElo "2081"]
[Annotator "NA"]
[PlyCount "45"]
[EventDate "2018.10.20"]
[EventType "swiss"]
[EventCountry "GRE"]
[SourceTitle "playchess.com"]
[Source "ChessBase"]
[SourceQuality "1"]
[TimeControl "40/5400+30:1800+30"]

1. d4 d5 2. Nf3 Nf6 3. c4 e6 4. Nc3 dxc4 5. g3 Bb4 6. Bg2 Nc6 7. O-O Rb8 8. e3 O-O 9. Qc2 b5 $15 {[%emt 0:04:50] LiveBook: 3 Partien} 10. Rd1 Qe7 11. Ng5 Na5 12. e4 h6 13. e5 hxg5 14. Bxg5 Bxc3 15. bxc3 b4 16. Qe2 Re8 17. exf6 gxf6 18. Bh4 Rb5 19. cxb4 Nb7 20. Bc6 Nd6 21. Bxb5 Nxb5 22. Qg4+ Kf8 23. Qh5 1-0

[Event "WYCC 2018 G18"]
[Site "Halkidiki"]
[Date "2018.10.24"]
[Round "6"]
[White "Chitlange Sakshi"]
[Black "Cvitan, Ena"]
[Result "0-1"]
[ECO "D31"]
[WhiteElo "2237"]
[BlackElo "2034"]
[Annotator "NA"]
[PlyCount "102"]
[EventDate "2018.10.20"]
[EventType "swiss"]
[EventCountry "GRE"]
[SourceTitle "playchess.com"]
[Source "ChessBase"]
[SourceQuality "1"]
[TimeControl "40/5400+30:1800+30"]

1. d4 d5 2. c4 e6 3. Nc3 a6 4. cxd5 exd5 5. Nf3 Nf6 6. Bg5 Be6 7. e3 Nbd7 8. Bd3 Bd6 9. Qc2 c6 10. Rb1 $11 Qc7 11. Bh4 h6 12. Bg3 Bxg3 13. hxg3 O-O 14. O-O Rac8 15. Rfc1 Rfe8 16. Nd2 Qd6 17. Na4 h5 18. b4 Ng4 19. Nf3 Ndf6 20. Nc5 Rc7 21. a4 g6 22. Qd1 Bc8 23. Rb2 Ne4 24. b5 axb5 25. axb5 Rce7 26. bxc6 bxc6 27. Ra2 f6 28. Rac2 Kg7 29. Nb3 Bd7 30. Na5 Nexf2 31. Rxf2 Nxf2 32. Kxf2 Rxe3 33. Nb7 Qb4 34. Rb1 Qa3 35. Nc5 Qa2+ 36. Kg1 Bg4 37. Bf1 R8e7 38. Ra1 Qb2 39. Nd3 Qb6 40. Nc5 Qc7 41. Kf2 g5 42. Na6 Qd6 43. Qb1 h4 44. Qb8 hxg3+ 45. Kg1 Qxb8 46. Nxb8 Rc3 47. Nd2 Kf7 48. Ra6 Rc2 49. Nf3 Bxf3 50. gxf3 Re1 51. Rxc6 Rf2 0-1

[Event "WYCC 2018 G18"]
[Site "Halkidiki"]
[Date "2018.10.24"]
[Round "6"]
[White "Hrescak, Ivana"]
[Black "Zairbek kyzy, Begimay"]
[Result "0-1"]
[ECO "D35"]
[WhiteElo "2173"]
[BlackElo "1919"]
[Annotator "NA"]
[PlyCount "104"]
[EventDate "2018.10.20"]
[EventType "swiss"]
[EventCountry "GRE"]
[SourceTitle "playchess.com"]
[Source "ChessBase"]
[SourceQuality "1"]
[TimeControl "40/5400+30:1800+30"]

1. d4 d5 2. c4 e6 3. Nc3 Nf6 4. cxd5 exd5 5. Bg5 {[%emt 0:00:00] LiveBook: 7841 Games} Be7 6. e3 Nbd7 7. Bd3 c6 8. Qc2 O-O 9. Nge2 Re8 10. O-O Nf8 11. f3 g6 12. Rad1 Nh5 13. Bxe7 Qxe7 $14 14. e4 dxe4 15. fxe4 Bg4 16. Rf2 Ne6 17. Rdf1 Rf8 18. h3 Bxe2 19. Nxe2 Qd6 20. e5 Qd7 21. Qc3 Rad8 22. Bc4 Nhg7 23. Kh2 b5 24. Bb3 Nf5 25. g4 Ne7 26. Qg3 Nd5 27. h4 c5 28. Rd1 c4 29. Bc2 Qe7 30. g5 Ng7 31. Rf6 Nh5 32. Qf3 Rfe8 33. Be4 Ndxf6 34. gxf6 Nxf6 35. Bc6 Nd7 36. Ng3 Qxh4+ 37. Kg2 a6 38. Bxd7 Rxd7 39. Ne4 Re6 40. Nf6+ Rxf6 41. exf6 h5 42. Qa8+ Kh7 43. Qe8 Qg4+ 44. Kf2 g5 45. d5 Rb7 46. Rh1 h4 47. d6 Rd7 48. Re1 Qd4+ 49. Kg2 Qd5+ 50. Kg1 Rxd6 51. Qe7 Qd4+ 52. Kg2 Rxf6 0-1

[Event "WYCC 2018 G18"]
[Site "Halkidiki"]
[Date "2018.10.24"]
[Round "6"]
[White "Arpita, Mukherjee"]
[Black "Kiolbasa, Oliwia"]
[Result "1/2-1/2"]
[ECO "C77"]
[WhiteElo "2147"]
[BlackElo "2254"]
[Annotator "NA"]
[PlyCount "172"]
[EventDate "2018.10.20"]
[EventType "swiss"]
[EventCountry "GRE"]
[SourceTitle "playchess.com"]
[Source "ChessBase"]
[SourceQuality "1"]
[TimeControl "40/5400+30:1800+30"]

1. e4 e5 2. Nf3 Nc6 3. Bb5 a6 4. Ba4 Nf6 5. d3 b5 6. Bb3 Be7 7. O-O d6 8. a3 O-O 9. Nc3 Bg4 10. Be3 Nd4 {[%emt 0:00:09] C84: Closed Ruy Lopez: Unusual White 6th moves} 11. Bxd4 exd4 12. Nd5 Nd7 (12... Nxd5 13. Bxd5 Rc8 14. a4 c6 15. Bb3 d5 16. h3 Bh5 17. axb5 axb5 18. exd5 {1-0 (47) Karjakin,S (2782)-Aronian,L (2764) Paris 2018}) 13. h3 Bxf3 14. Nxe7+ Qxe7 15. Qxf3 {[%emt 0:00:09] [#]} c5 $146 ({Predecessor:} 15... a5 16. Qg3 a4 17. Bd5 Rab8 18. f4 {½-½ (44) Triapishko,O (2509)-Kovalev,V (2655) Ankara 2018}) 16. a4 Nb6 17. a5 Nd7 18. Qe2 Kh8 19. Rae1 Rae8 20. Qd2 Qd8 21. f4 Qc7 22. Re2 Re7 23. Rfe1 c4 24. dxc4 bxc4 25. Ba2 Qc5 26. Kh2 Rb8 27. Rb1 Nf6 28. e5 dxe5 29. fxe5 Rbe8 30. Rbe1 Rxe5 31. Bxc4 Rxe2 32. Bxe2 Qe5+ 33. Kg1 h6 34. Qd3 Qxa5 35. Rf1 Qe5 36. Bf3 a5 37. Rd1 Rb8 38. Qxd4 Qxd4+ 39. Rxd4 Rxb2 40. Ra4 Rxc2 41. Rxa5 Rd2 42. Kh2 g6 43. Kg3 Kg7 44. Ra4 Nd7 45. Kf4 Nc5 46. Ra7 Kf6 47. Ra5 Ne6+ 48. Ke3 Rc2 49. Kd3 Rc5 50. Rxc5 Nxc5+ 51. Ke3 Ke5 52. h4 Nb3 53. g3 Nd4 54. Bb7 Ne6 55. Kf3 Nc5 56. Bc6 Kf5 57. Be8 Ke6 58. Bb5 f5 59. Be8 Kf6 60. Bc6 g5 61. hxg5+ Kxg5 62. Bd5 Nd3 63. Be6 Ne5+ 64. Kg2 $11 Kg4 65. Bb3 h5 66. Bd1+ Kg5 67. Be2 Nc6 68. Kh3 Nd4 69. Bd1 Nb5 70. Bf3 Nc3 71. Bc6 Ne4 72. Bb5 Nf2+ 73. Kg2 Ng4 74. Kh3 Ne5 75. Be2 Ng6 76. Bd1 h4 77. gxh4+ Nxh4 78. Kg3 Ng6 79. Bc2 f4+ 80. Kf2 Ne5 81. Be4 Kg4 82. Kg2 Nc4 83. Bf3+ Kf5 84. Kf2 Ne5 85. Bb7 f3 86. Bxf3 Nxf3 1/2-1/2

[Event "WYCC 2018 G18"]
[Site "Halkidiki"]
[Date "2018.10.24"]
[Round "6"]
[White "Avetisyan, Mariam"]
[Black "Golsta, Madara"]
[Result "1-0"]
[ECO "B38"]
[WhiteElo "2049"]
[BlackElo "1938"]
[Annotator "NA"]
[PlyCount "73"]
[EventDate "2018.10.20"]
[EventType "swiss"]
[EventCountry "GRE"]
[SourceTitle "playchess.com"]
[Source "ChessBase"]
[SourceQuality "1"]
[TimeControl "40/5400+30:1800+30"]

1. e4 c5 2. Ne2 g6 3. d4 cxd4 4. Nxd4 Bg7 5. c4 Nc6 6. Be3 Nf6 7. Nc3 O-O 8. Be2 Nxd4 9. Bxd4 d6 10. Qd2 Bd7 11. O-O Bc6 12. f3 a5 13. b3 Nd7 14. Bf2 Nc5 15. Rab1 e6 16. Rfd1 Be5 17. Bg3 Qf6 18. Rbc1 Rfd8 19. Qe3 Bxc3 20. Qxc3 e5 21. Rc2 Ne6 22. Rcd2 Qe7 23. Bf2 Qc7 24. Qc1 Nc5 25. Bh4 f5 26. Bxd8 Rxd8 27. exf5 gxf5 28. Rb2 Qg7 29. Kh1 Ne6 30. Rbd2 Nf4 31. Bf1 Qg6 32. Qc3 Rd7 33. c5 e4 34. Rxd6 Rxd6 35. Rxd6 Qg5 36. Bc4+ Bd5 37. Bxd5+ 1-0

[Event "WYCC 2018 G18"]
[Site "Halkidiki"]
[Date "2018.10.24"]
[Round "6"]
[White "Tarini Goyal"]
[Black "Dimitrova, Aleksandra"]
[Result "1/2-1/2"]
[ECO "E04"]
[WhiteElo "2026"]
[BlackElo "2228"]
[Annotator "NA"]
[PlyCount "46"]
[EventDate "2018.10.20"]
[EventType "swiss"]
[EventCountry "GRE"]
[SourceTitle "playchess.com"]
[Source "ChessBase"]
[SourceQuality "1"]
[TimeControl "40/5400+30:1800+30"]

1. d4 Nf6 2. c4 e6 3. g3 d5 4. Nf3 dxc4 5. Bg2 Bd7 6. Ne5 Bc6 7. Nxc6 Nxc6 8. e3 Qd7 9. O-O O-O-O 10. Nc3 h5 11. b3 Bb4 12. Ne2 e5 13. bxc4 exd4 14. Rb1 d3 15. Nd4 Bc5 $18 16. Nxc6 bxc6 17. Qa4 Qe6 18. Bxc6 Rd6 19. Bb7+ Kd8 20. Bd5 Qc8 21. Bb7 Qe6 22. Bd5 Qc8 23. Bb7 Qe6 1/2-1/2

[Event "WYCC 2018 G18"]
[Site "Halkidiki"]
[Date "2018.10.24"]
[Round "6"]
[White "Bauyrzhan, Arnash"]
[Black "Garcia Martin, Marta"]
[Result "0-1"]
[ECO "B42"]
[WhiteElo "2011"]
[BlackElo "2329"]
[Annotator "NA"]
[PlyCount "116"]
[EventDate "2018.10.20"]
[EventType "swiss"]
[EventCountry "GRE"]
[SourceTitle "playchess.com"]
[Source "ChessBase"]
[SourceQuality "1"]
[TimeControl "40/5400+30:1800+30"]

1. e4 c5 2. Nf3 e6 3. d4 cxd4 4. Nxd4 a6 5. Bd3 Nf6 6. O-O e5 7. Nf3 {[%emt 0:04:47] B42: Sizilianisch (Paulsen-Variante)} (7. Nb3 d6 8. c4 Be7 9. Nc3 O-O 10. f3 Be6 11. Be3 Nbd7 12. Qd2 a5 13. Nd5 a4 14. Nc1 Nc5 15. Nxe7+ Qxe7 {1-0 (41) Wang,H (2678)-Pantsulaia,L (2607) Subic Bay 2016}) 7... Nc6 8. c4 Bc5 {[%emt 0:01:04] LiveBook: 9 Games} 9. Nc3 d6 10. h3 h6 11. Qe2 g5 $146 ({Vorgänger:} 11... O-O 12. Be3 Nd7 13. Nd5 Bxe3 14. Qxe3 Nc5 {1-0 (56) Godzwon,I (2205)-Fus,J (2103) Warsaw 2017}) 12. Be3 g4 13. hxg4 Bxg4 14. Bxc5 dxc5 15. Qe3 Qd6 16. Be2 Bxf3 17. Bxf3 O-O-O 18. Nd5 Nd4 19. Rfc1 Kb8 20. a3 Nxd5 21. cxd5 h5 22. Rc3 Rc8 23. Rac1 b5 24. Qg5 Kb7 25. Bd1 Kb6 26. Bf3 a5 27. b4 axb4 28. axb4 c4 29. Ra1 Ra8 30. Rxa8 Rxa8 31. Bxh5 Qxb4 32. Qh6+ Ka5 33. Qe3 Nb3 34. Bd1 Nc5 35. Ra3+ Na4 36. Bxa4 bxa4 37. g3 Kb5 38. Kg2 Ra6 39. Qc1 Rb6 40. Rf3 f6 41. Rc3 Qc5 42. Ra3 Qd4 43. Qc2 Ra6 44. Qb1+ Ka5 45. Qe1+ Kb5 $11 46. Qb1+ Kc5 47. Qc2 Kb4 48. Ra2 c3 49. g4 a3 50. Ra1 a2 51. Rxa2 Rxa2 52. Qxa2 Qxe4+ 53. f3 Qd3 54. Kf2 c2 55. Qb2+ Kc5 56. Qc1 Kxd5 57. Ke1 Kd4 58. Qb2+ Qc3+ 0-1

[Event "WYCC 2018 G18"]
[Site "Halkidiki"]
[Date "2018.10.24"]
[Round "6"]
[White "Du, Yuxin"]
[Black "Sliwicka, Alicja"]
[Result "1/2-1/2"]
[ECO "B40"]
[WhiteElo "2011"]
[BlackElo "2264"]
[Annotator "NA"]
[PlyCount "99"]
[EventDate "2018.10.20"]
[EventType "swiss"]
[EventCountry "GRE"]
[SourceTitle "playchess.com"]
[Source "ChessBase"]
[SourceQuality "1"]
[TimeControl "40/5400+30:1800+30"]

1. e4 c5 2. Nf3 e6 3. g3 Nc6 4. Bg2 Nf6 5. Qe2 e5 6. O-O Be7 7. Nc3 {[%emt 0:05:06] LiveBook: 13 Games} d6 8. Nd5 O-O 9. c3 Re8 10. Nxe7+ Qxe7 11. Nh4 Be6 12. d3 $11 h6 13. Nf5 Bxf5 14. exf5 d5 15. f3 b5 16. Bd2 Rab8 17. Rae1 Qd7 18. g4 b4 19. Bc1 Na5 20. Qf2 Qb5 21. f4 exf4 22. Bxf4 Rxe1 23. Rxe1 Re8 24. Rxe8+ Qxe8 25. Qxc5 bxc3 26. Qxc3 Qa4 27. Bd2 Qd1+ 28. Be1 Nc6 29. h3 Nd4 30. Qxd4 Qxe1+ 31. Kh2 Qa5 32. a3 Qc7+ 33. Kg1 Qc1+ 34. Bf1 Qc7 35. Kg2 Qc2+ 36. Qf2 Qa4 37. Be2 Qc2 38. Bf1 Qa4 39. Qc5 a6 40. Be2 Qb3 41. Qc3 Qb6 42. Bf3 Qe3 43. Qc2 Qf4 44. b4 Qd4 45. Qc8+ Kh7 46. Qxa6 Qb2+ 47. Kg3 Qe5+ 48. Kg2 Qb2+ 49. Kg3 Qe5+ 50. Kg2 1/2-1/2

[Event "WYCC 2018 G18"]
[Site "Halkidiki"]
[Date "2018.10.24"]
[Round "6"]
[White "Priyanka, Kumari"]
[Black "Redondo Benavente, Ana"]
[Result "1/2-1/2"]
[ECO "C65"]
[WhiteElo "2005"]
[BlackElo "2055"]
[Annotator "NA"]
[PlyCount "72"]
[EventDate "2018.10.20"]
[EventType "swiss"]
[EventCountry "GRE"]
[SourceTitle "playchess.com"]
[Source "ChessBase"]
[SourceQuality "1"]
[TimeControl "40/5400+30:1800+30"]

1. e4 e5 2. Nf3 Nc6 3. Bb5 Nf6 4. d3 Bc5 5. c3 O-O 6. O-O d6 7. Nbd2 Ne7 8. d4 exd4 9. cxd4 Bb6 10. h3 d5 11. e5 Ne4 12. Bd3 f5 13. exf6 Nxf6 14. Nb3 Bf5 15. Bxf5 Nxf5 16. Bg5 Nd6 17. Qd3 Nde4 18. Rae1 Qd6 19. Nbd2 Nxd2 20. Nxd2 Rae8 21. Bxf6 Qxf6 22. Nf3 c6 23. Ne5 Qf4 24. Nf3 Re4 25. Rd1 Re6 26. Qd2 Qf5 27. Rfe1 Re4 28. Re2 Bc7 29. Rde1 Rfe8 30. Kf1 Rxe2 31. Rxe2 Rxe2 32. Kxe2 h6 33. Qd3 Qxd3+ 34. Kxd3 Kf7 35. g3 Ke6 36. Nh4 h5 {[%emt 0:03:47] Ke4 Ke5+} 1/2-1/2

[Event "WYCC 2018 G18"]
[Site "Halkidiki"]
[Date "2018.10.24"]
[Round "6"]
[White "Hamedi Nia, Vesal"]
[Black "Martynkova, Olena"]
[Result "1/2-1/2"]
[ECO "A80"]
[WhiteElo "1987"]
[BlackElo "2188"]
[Annotator "NA RC"]
[PlyCount "194"]
[EventDate "2018.10.20"]
[EventType "swiss"]
[EventCountry "GRE"]
[SourceTitle "playchess.com"]
[Source "ChessBase"]
[SourceQuality "1"]
[TimeControl "40/5400+30:1800+30"]

1. d4 f5 2. Nf3 Nf6 3. e3 e6 4. Be2 d5 5. b3 Bb4+ 6. c3 Bd6 7. O-O Nbd7 8. c4 c6 9. Bb2 O-O 10. Nbd2 Ne4 11. Ne5 Qe7 12. Qc2 {[%emt 0:12:03] A84: Dutch Defence: 2 c4 Miscellaneous} Nxd2 $146 ({Predecessor:} 12... Ndf6 13. f3 Nxd2 14. Qxd2 Bd7 15. Bd3 Rfd8 16. c5 Bc7 17. b4 Be8 18. Bc3 Bxe5 19. dxe5 {½-½ (78) Sidorov,A (2292)-Sveshnikov,E (2504) Sochi 2016}) 13. Qxd2 g5 14. Kh1 Qg7 15. Nd3 Rf6 16. g3 Rh6 17. Kg2 Nf6 18. f3 Bd7 19. Rh1 g4 20. Ne5 gxf3+ 21. Bxf3 Be8 22. Raf1 Bh5 23. Nd3 Kh8 24. Nf4 Bxf4 25. exf4 Bxf3+ 26. Rxf3 Ne4 27. Qe3 Qg4 28. Bc3 Rg8 29. Be1 Qh3+ 30. Kg1 Rhg6 31. Qe2 Rg4 32. Qg2 Qh5 33. Kf1 Qh6 34. a4 Qg7 35. Qg1 Qc7 36. Qe3 R4g7 37. c5 b6 38. b4 bxc5 39. dxc5 e5 40. fxe5 Qxe5 41. Bc3 Qxc3 42. Qxc3 Nxc3 43. Rxc3 Rb8 44. b5 cxb5 45. axb5 Rxb5 46. Ke2 Rc7 47. c6 Kg7 48. Kd3 Kf6 49. Kd4 Ke6 50. Rf1 Rb6 51. Re3+ Kd6 52. Rxf5 Rb4+ 53. Kd3 Rb3+ 54. Kd4 Rxe3 55. Kxe3 Kxc6 56. Kd4 Rd7 57. Rf6+ Kb5 58. Rf1 a5 59. Rb1+ Ka6 60. Ra1 h5 61. h4 Rg7 62. Kxd5 Rxg3 63. Kc5 Rc3+ 64. Kd4 Rh3 65. Kc5 Rxh4 66. Rf1 a4 67. Rf8 Rg4 68. Rh8 h4 $2 69. Kc6 $1 Rg6+ 70. Kc5 Rg4 (70... Rg5+ $19 71. Kb4 Rg4+ 72. Kc5 Kb7 73. Rh7+ Kc8) 71. Kc6 Ka5 72. Kc5 $1 Rg5+ 73. Kc4 Rg4+ 74. Kc5 Ka6 75. Kc6 Rc4+ 76. Kd5 Rc2 77. Rxh4 Kb5 78. Rh8 Rd2+ 79. Ke4 Kc4 $2 (79... a3 80. Rb8+ Kc4) 80. Rc8+ Kb3 81. Ke3 Rd5 82. Rb8+ Kc3 83. Rc8+ Kb2 $19 84. Rb8+ Ka2 85. Rb4 a3 86. Ke2 Rd8 87. Rb5 Rd4 88. Rb6 Ka1 89. Rb3 a2 90. Rb5 Rh4 91. Kd2 Rh1 92. Kc2 Rb1 93. Ra5 Rb2+ 94. Kc1 Rb1+ 95. Kc2 Rb6 96. Rc5 Rb2+ 97. Kc1 Rb1+ 1/2-1/2

[Event "WYCC 2018 G18"]
[Site "Halkidiki"]
[Date "2018.10.24"]
[Round "6"]
[White "Stashis, Anna"]
[Black "Nistor, Valentina"]
[Result "1-0"]
[ECO "C45"]
[WhiteElo "1979"]
[BlackElo "1881"]
[Annotator "NA"]
[PlyCount "111"]
[EventDate "2018.10.20"]
[EventType "swiss"]
[EventCountry "GRE"]
[SourceTitle "playchess.com"]
[Source "ChessBase"]
[SourceQuality "1"]
[TimeControl "40/5400+30:1800+30"]

1. e4 e5 2. Nf3 Nc6 3. d4 exd4 4. Nxd4 Nf6 5. Nxc6 bxc6 6. e5 Nd5 7. c4 Nb6 8. Bd3 Bb4+ 9. Nc3 Qh4 10. O-O Bxc3 11. bxc3 Ba6 12. Re1 h5 13. c5 Bxd3 14. cxb6 Bc4 15. bxc7 Bd5 16. Re3 Qc4 17. Rb1 Qxa2 18. Rb8+ Ke7 19. Rxh8 Rxh8 20. Qd4 Qa5 21. c4 Qxc7 22. cxd5 cxd5 23. Rc3 Qa5 24. Ba3+ Ke6 25. h3 Rb8 26. Bd6 Qa1+ 27. Kh2 Rb3 28. Rd3 Qxd4 29. Rxd4 a5 30. Ra4 Rb5 31. f4 g6 32. Kg3 Kf5 33. Kh4 f6 34. exf6 Kxf6 35. Be5+ Kf7 36. Bc3 Rc5 37. Bxa5 d4 38. Bb6 Rc2 39. g4 hxg4 40. hxg4 d3 41. Rd4 d2 42. Rxd7+ Ke6 43. Rd3 Kf6 44. Bd8+ Kf7 45. Ba5 Rc5 46. Bxd2 g5+ 47. fxg5 Kg6 48. Rd6+ Kg7 49. Kh5 Rc2 50. Rd7+ Kg8 51. Bf4 Re2 52. Bd6 Re6 53. Be7 Rc6 54. Bf6 Re6 55. Kg6 Re8 56. Rh7 1-0